 Dungeon Crawl Stone Soup version 0.28.0-53-g5a82cb258f (webtiles) character file.

Game seed: 1693631096096944551

2263 Peloso the Carver (level 9, -5/79 HPs)
             Began as a Minotaur Fighter on May 30, 2022.
             Succumbed to Maggie's poison
             ... on level 6 of the Dungeon.
             The game lasted 00:10:33 (4305 turns).

Peloso the Carver (Minotaur Fighter)                Turns: 4305, Time: 00:10:33

Health: -5/79      AC:  8    Str: 23    XL:     9   Next: 15%
Magic:  8/8        EV: 11    Int:  5    God:
Gold:   212        SH:  5    Dex: 12    Spells: 8/8 levels left

rFire   . . .      SeeInvis .   a - +2 long sword (holy)
rCold   . . .      Faith    .   c - +0 buckler
rNeg    . . .      Spirit   .   b - +0 scale mail
rPois   .          Reflect  .   (helmet restricted)
rElec   .          Harm     .   (no cloak)
rCorr   .          Rampage  .   (no gloves)
Will    .....                   (no boots)
Stlth   ..........              m - amulet of regeneration
HPRegen 1.03/turn               (no ring)
MPRegen 0.11/turn               (no ring)

@: lethally poisoned (-5 -> -37)
A: horns 2, retaliatory headbutt
a: no special abilities


You were on level 6 of the Dungeon.
You visited 2 branches of the dungeon, and saw 7 of its levels.

You collected 212 gold pieces.

Inventory:

Hand Weapons
 a - a +2 long sword of holy wrath (weapon)
Missiles
 q - 5 throwing nets (quivered)
Armour
 b - a +0 scale mail (worn)
 c - a +0 buckler (worn)
Jewellery
 l - a ring of flight
 m - an amulet of regeneration (around neck)
Wands
 k - a wand of paralysis (9)
 o - a wand of polymorph (11)
Scrolls
 e - 2 scrolls of vulnerability {unknown}
 f - a scroll of identify
 h - 3 scrolls of amnesia {unknown}
 i - a scroll of blinking
 n - a scroll of enchant weapon
 r - a scroll of brand weapon
 s - a scroll of fear
Potions
 d - 2 potions of might
 g - 2 potions of flight
 j - a potion of brilliance
 p - 3 potions of curing


   Skills:
 + Level 7.2 Fighting
 + Level 9.3 Long Blades
 + Level 8.4 Armour
 + Level 3.8 Dodging
 + Level 0.1 Stealth
 + Level 5.2 Shields


You had 8 spell levels left.
You didn't know any spells.
Your spell library contained the following spells:

 Spells                   Type           Power      Damage    Failure   Level
 Animate Skeleton         Necr           0%         N/A       83%         1
 Pain                     Necr           0%         1d4       83%         1
 Slow                     Hex            0%         N/A       83%         1
 Confusing Touch          Hex            0%         N/A       99%         3
 Dazzling Flash           Conj/Hex       0%         N/A       99%         3
 Vampiric Draining        Necr           0%         2d6       99%         3
 Iskenderun's Mystic Bla  Conj/Tloc      0%         2d3       100%        4
 Starburst                Conj/Fire      0%         6d3       100%        6


Dungeon Overview and Level Annotations

Branches:
Dungeon (6/15)             Temple (1/1) D:4

Altars:
Ashenzari
Cheibriados
Dithmenos
Elyvilon
Hepliaklqana
Kikubaaqudgha
Makhleb
Nemelex Xobeh
Qazlal
Ru
Sif Muna
Uskayaw
Vehumet
Wu Jian
Xom
Yredelemnul
Zin
The Shining One

Annotations:
D:3 1 runed translucent door, Crazy Yiuf
D:4 1 runed translucent door, Peloso's ghost, amateur MiFi
D:6 Maggie


Innate Abilities, Weirdness & Mutations

You have a pair of horns on your head.
You reflexively headbutt those who attack you in melee.


Message History

a +0 spear; a +0 scale mail
Items here: )) †††.
Found a flail.
k - a wand of paralysis (9)
An adder comes into view.
You slash the adder!
You kill the adder!
Maggie the Vainglorious comes into view.
She is wielding a +2 glaive of venom.
You see here an adder corpse.
You block Maggie's attack.
You see here an adder corpse.
You barely miss Maggie. You headbutt Maggie, but do no damage.
Maggie mumbles some strange words.
Maggie attempts to bespell you! You resist with some effort.
You slash Maggie! Your headbutt misses Maggie.
Maggie is moderately wounded.
You block Maggie's attack.
You slash Maggie! You headbutt Maggie.
Maggie is heavily wounded.
Maggie hits you with a +2 glaive of venom!
You are poisoned.
You barely miss Maggie.
Maggie is heavily wounded.
You feel very sick.
Maggie hits you with a +2 glaive of venom!!
You are more poisoned.
You slash Maggie!
Maggie is heavily wounded.
You feel extremely sick.
Maggie hits you with a +2 glaive of venom!
* * * LOW HITPOINT WARNING * * *
You are more poisoned.
You slash Maggie!
Maggie is severely wounded.
* * * LOW HITPOINT WARNING * * *
You feel extremely sick. Maggie barely misses you. You furiously retaliate!
You headbutt Maggie. You hit Maggie but do no damage.
Maggie is almost dead.
You die...

#########
##...#...##
##.........##
#...........#
#######
#...........#
#.....#
#...........#
# #.....#
#.........#
####.....#
#..@.)..#
.........#
##@#..#.....
####.....##
#.##.# ...
#.....># #)#
.# . #...>..##
#)# .#
######..####.#
.. ##......#
..
####....#...
..........


You could see Maggie.

Vanquished Creatures
  A two-headed ogre (D:5)
  Grinder (D:3)
  A wyvern (D:5)
  A wraith (D:5)
  An ogre (D:5)
  An ice beast (D:6)
  A hornet zombie (D:6)
  2 phantoms
  A scorpion (D:3)
  A howler monkey (D:6)
  A bullfrog skeleton (D:5)
  3 hounds
  2 jellies
  2 orc priests
  Jessica (D:2)
  A centaur skeleton (D:5)
  3 orc wizards
  Natasha (twice) (D:2)
  5 adders
  11 gnolls
  A white imp (D:5)
  An adder skeleton (D:4)
  3 worms
  13 orcs
  6 bats
  8 endoplasms
  4 giant cockroaches
  8 goblins
  4 hobgoblins
  2 jackals (D:2)
  3 quokkas
  9 ball pythons
  7 kobolds
  5 rats (D:1)
116 creatures vanquished.

Notes
Turn   | Place    | Note
-------+----------+-------------------------------------------
     0 | D:1      | Peloso the Minotaur Fighter began the quest for the Orb.
     0 | D:1      | Reached XP level 1. HP: 19/19 MP: 0/0
   130 | D:1      | Reached XP level 2. HP: 20/27 MP: 1/1
   733 | D:1      | Found a faded altar of an unknown god.
  1112 | D:2      | Reached XP level 3. HP: 31/33 MP: 2/2
  1211 | D:2      | Reached skill level 3 in Long Blades
  1266 | D:2      | Reached skill level 1 in Dodging
  1269 | D:2      | Reached XP level 4. HP: 24/40 MP: 3/3
  1431 | D:2      | Noticed Jessica
  1442 | D:2      | Killed Jessica
  1589 | D:2      | Noticed Natasha
  1597 | D:2      | Killed Natasha
  1598 | D:2      | Reached skill level 4 in Long Blades
  1598 | D:2      | Reached XP level 5. HP: 41/46 MP: 4/4
  1767 | D:2      | Noticed Natasha
  1775 | D:2      | Killed Natasha
  1776 | D:2      | Reached skill level 5 in Armour
  1899 | D:3      | Noticed Grinder
  1922 | D:3      | Killed Grinder
  1923 | D:3      | Reached skill level 5 in Long Blades
  1923 | D:3      | Reached XP level 6. HP: 17/53 MP: 5/5
  2000 | D:3      | Found a runed translucent door.
  2001 | D:3      | Noticed Crazy Yiuf
  2023 | D:3      | Found an ornate altar of the Wu Jian Council.
  2605 | D:4      | Noticed a +0 dagger
  2606 | D:4      | Noticed a +0 hand axe
  2607 | D:4      | Found a hide-covered altar of Uskayaw.
  2613 | D:4      | Found a staircase to the Ecumenical Temple.
  2640 | D:3      | Reached skill level 5 in Fighting
  2640 | D:3      | Reached XP level 7. HP: 20/61 MP: 6/6
  2701 | D:4      | Reached skill level 6 in Long Blades
  2717 | Temple   | Entered the Ecumenical Temple
  3266 | D:4      | Found a white marble altar of Elyvilon.
  3285 | D:4      | Noticed Peloso's ghost (amateur MiFi)
  3302 | D:4      | Found a runed translucent door.
  3476 | D:5      | Entered Level 5 of the Dungeon
  3519 | D:5      | Noticed a wraith
  3537 | D:5      | Killed a wraith
  3561 | D:5      | Noticed a wyvern
  3565 | D:5      | Noticed a two-headed ogre
  3568 | D:5      | Killed a wyvern
  3569 | D:5      | Reached skill level 7 in Long Blades
  3569 | D:5      | Reached XP level 8. HP: 36/70 MP: 7/7
  3611 | D:5      | Killed a two-headed ogre
  3612 | D:5      | Reached skill level 8 in Long Blades
  3612 | D:5      | Reached skill level 5 in Shields
  3939 | D:5      | Found a stormy altar of Qazlal.
  4136 | D:5      | Reached skill level 9 in Long Blades
  4136 | D:5      | Reached XP level 9. HP: 79/79 MP: 8/8
  4293 | D:6      | Noticed Maggie
  4305 | D:6      | Succumbed to Maggie's poison

Illustrated notes

Levels and vault maps discovered:
D:1:      dpeg_arrival_subterranean_lakeside_camping, layout_basic,
          dreamdust_ecumenical_altar_hidden_monk_grotto
D:2:      layout_rooms, kennysheep_big_empty_room, uniq_jessica, uniq_natasha
D:3:      layout_basic, nicolae_wu_jian_wuxing_cycle,
          nicolae_elevator_lobby_asterisk, uniq_grinder, uniq_crazy_yiuf_cottage
D:4:      cheibrodos_helix_gallery, layout_basic, mainiacjoe_overflow_alcove_4,
          dancing_weapons_uskayaw, minmay_temple_entry_proselytizer,
          hellmonk_ghost_happy_afterlife
D:5:      layout_basic, nicolae_qazlal_scattered_showers
D:6:      layout_rooms, mainiacjoe_overflow_paths, gup_sewer_entry_pipe,
          uniq_maggie, uniq_edmund
Temple:   jpeg_temple_clearing

Skill      XL: |  1  2  3  4  5  6  7  8 |
---------------+-------------------------+-----
Armour         | 4 5 6 7 8 |  8.4
Fighting       | 4 5 6 7 |  7.2
Long Blades    | 3 4 5 7 9 |  9.3
Dodging        | 1 2 3 |  3.8
Shields        | 4 5 |  5.2
Stealth        | |  0.1

Action                   |  1- 3 |  4- 6 |  7- 9 || total
-------------------------+-------+-------+-------++-------
Melee: Long sword        |    52 |   101 |   147 ||   300
       Headbutt          |     4 |    19 |    25 ||    48
  Use: Potion            |       |     2 |       ||     2
       Scroll            |       |       |     7 ||     7
Armor: Scale mail        |    22 |    52 |    50 ||   124
Dodge: Dodged            |    21 |    52 |    83 ||   156
Block: Buckler           |    13 |    24 |    28 ||    65
